 Dungeon Crawl Stone Soup version 0.21-a0-176-gb3d4b37 (console) character file.

7923 Duffy the Cleaver (level 11, -6/100 HPs)
             Began as a Naga Chaos Knight on Aug 9, 2017.
             Mangled by Urug
             ... wielding a +3 halberd of venom
              (15 damage)
             ... on level 10 of the Dungeon.
             The game lasted 00:16:05 (12231 turns).

Duffy the Cleaver (Naga Chaos Knight)              Turns: 12231, Time: 00:16:05

Health: -6/100     AC: 16    Str: 15    XL:     11   Next: 22%
Magic:  14/14      EV:  3    Int: 15    God:    Xom [*.....]
Gold:   39         SH:  0    Dex: 11    Spells: 10/10 levels left

rFire    . . .     SeeInvis +   t - +2 war axe
rCold    + . .     Gourm    .   (no shield)
rNeg     . . .     Faith    .   o - +0 plate armour
rPois    +         Spirit   .   (helmet restricted)
rElec    .         Reflect  .   u - +0 cloak
rCorr    .         Harm     .   (no gloves)
MR       ++...                  (no barding)
Stlth    ..........             (no amulet)
HPRegen  0.26/turn              s - +3 ring of protection
MPRegen  0.14/turn              (no ring)

@: lethally poisoned (-6 -> -8), short of breath, drained, very slow
A: antennae 2, claws 1, see invisible, clever 1, cold resistance 1, deformed
body, magic resistance 1, poison resistance, slowness 2, slow metabolism 1, spit
poison 2, weak 1, AC +3
a: Breathe Poison Gas, Renounce Religion


You were on level 10 of the Dungeon.
You worshipped Xom.
You were a special plaything of Xom.
You were full.

You visited 1 branch of the dungeon, and saw 10 of its levels.

You collected 493 gold pieces.
You spent 454 gold pieces at shops.

Inventory:

Hand Weapons
 a - a +0 hand axe of chaos
 t - a +2 war axe (weapon)
Missiles
 n - 8 javelins of penetration (quivered)
 r - a throwing net
Armour
 h - a +1 helmet
 o - a +0 plate armour (worn)
 u - a +0 cloak (worn)
Jewellery
 d - an uncursed ring of fire
 s - a +3 ring of protection (left claw)
Wands
 k - a wand of flame (26/48)
 l - a wand of acid (3/15)
 w - a wand of lightning (14/15)
 x - a wand of random effects (6/48)
Scrolls
 f - 2 scrolls of magic mapping
 i - 2 scrolls of immolation
 v - 2 scrolls of remove curse
Potions
 b - a potion of mutation
 e - a potion of haste
 j - a potion of ambrosia {unknown}
 m - a potion of invisibility
 p - a potion of agility
 q - a potion of flight
 z - 2 potions of curing
 A - a potion of heal wounds
 C - a potion of lignification
 D - a potion of might
Comestibles
 c - 4 bread rations
 g - 6 meat rations
 B - 5 chunks of flesh


   Skills:
 + Level 7.3(7.1) Fighting
 * Level 12.1(11.9) Axes
 - Level 7.4(7.1) Armour
 - Level 0.7(0.5) Dodging
 - Level 5.2(4.9) Evocations


You had 10 spell levels left.
You didn't know any spells.

Dungeon Overview and Level Annotations

Branches:
Dungeon (10/15)            Temple (0/1) D:6            Lair (0/6) D:8
    Orc (0/2) D:9

Altars:
Fedhas
Makhleb
Ru
Sif Muna
Xom
Zin

Shops:
D:3 *   D:8 *   D:9 !

Annotations:
D:10 Urug


Innate Abilities, Weirdness & Mutations

You cannot wear boots.
Your serpentine skin is tough. (AC +3)
You have supernaturally acute eyesight. (SInv)
Armour fits poorly on your strangely shaped body.
Your system is resistant to poisons. (rPois)
You cover ground very slowly.
You have a slow metabolism.
You can exhale a cloud of poison.
You have a pair of antennae on your head.
You have sharp fingernails.
Your mind is acute. (Int +2)
Your flesh is cold resistant. (rC+)
You are resistant to hostile enchantments. (MR+)
You are weak. (Str -2)


Message History

You slash Urug!
Urug is severely wounded.
Urug hits you with a halberd of venom!
You are poisoned.
You hit Urug.
Urug is almost dead.
You feel sick. Urug barely misses you.
You barely miss Urug.
Urug is almost dead.
You feel sick.
Urug mutters, "Sometimes I wonder if they all really are harpies."
Urug hits you with a halberd of venom.
You closely miss Urug.
Urug is almost dead.
Your plate armour prevents you from hitting Urug.
Urug is almost dead.
You feel sick.
Urug squints, then shrugs and mutters, "Close enough."
Urug hits you with a halberd of venom!
You die...

####+###
#......#
#......#
#......#
#####......#
#..o@......#
#/###......+
#......#
####'###
##.# #..#
#.##
#####.####
###........#


You could see Urug.

Vanquished Creatures
  4 two-headed ogres
  Joseph (D:8)
  A queen bee (D:9)
  2 hippogriffs
  A yak (D:9)
  2 wargs (D:7)
  3 orc warriors
  4 ice beasts
  4 sky beasts
  A phantom (D:10)
  3 ogres
  2 centaurs
  2 big kobolds (D:7)
  4 bullfrogs
  3 scorpions
  18 killer bees
  4 wights (D:9)
  A howler monkey (D:4)
  2 jellies
  2 crimson imps
  2 quasits (D:7)
  A centaur zombie (D:7)
  3 hounds
  4 orc wizards
  8 orc priests
  2 bullfrog skeletons
  3 iguanas
  9 worker ants
  A killer bee zombie (D:5)
  A hound zombie (D:7)
  A worker ant zombie (D:6)
  9 adders
  2 shadow imps
  An ooze (D:4)
  2 adder zombies
  3 adder skeletons
  4 worms (D:3)
  5 dart slugs
  3 leopard geckos
  41 orcs
  2 bats
  7 giant cockroaches
  4 hobgoblins
  14 jackals
  4 quokkas
  2 ball pythons
  3 frilled lizards
  4 goblins
  14 kobolds
  A quokka skeleton (D:9)
  5 rats
229 creatures vanquished.

Vanquished Creatures (collateral kills)
  An ogre (D:4)
1 creature vanquished.

Grand Total: 230 creatures vanquished

Notes
Turn   | Place    | Note
-------+----------+-------------------------------------------
     0 | D:1      | Duffy the Naga Chaos Knight began the quest for the Orb.
     0 | D:1      | Reached XP level 1. HP: 21/21 MP: 1/1
   109 | D:1      | XOM: harmless Chrm miscast
   248 | D:1      | XOM: harmless Erth miscast
   254 | D:1      | Reached XP level 2. HP: 19/28 MP: 2/2
   382 | D:1      | XOM: potion effect (berserk rage)
   424 | D:1      | XOM: harmless Conj miscast
   506 | D:1      | You fall through a shaft!
   509 | D:2      | Reached skill level 4 in Axes
   540 | D:2      | Reached XP level 3. HP: 29/34 MP: 3/3
  1621 | D:3      | Reached XP level 4. HP: 35/42 MP: 4/4
  1673 | D:3      | XOM is BORED!
  1673 | D:3      | XOM: noise
  1687 | D:3      | Reached skill level 5 in Axes
  1730 | D:3      | XOM: harmless Air miscast
  1733 | D:3      | XOM: confuse monster(s)
  1854 | D:3      | Reached XP level 5. HP: 49/49 MP: 5/5
  1925 | D:3      | XOM: noise
  1960 | D:3      | XOM: silly message
  2276 | D:3      | XOM is BORED!
  2276 | D:3      | XOM: draining
  2413 | D:3      | Found Zin's Purification Station.
  2416 | D:3      | Found a glowing silver altar of Zin.
  2443 | D:3      | Found a burning altar of Makhleb.
  2698 | D:3      | XOM: mild Pois miscast
  2751 | D:4      | Reached skill level 6 in Axes
  2763 | D:4      | XOM: silly message
  2804 | D:4      | XOM: give mutations
  2804 | D:4      | Gained mutation: You are weak. (Str -2) [Xom's mischief]
  2804 | D:4      | Gained mutation: Your body sometimes deteriorates upon taking damage. [Xom's mischief]
  2918 | D:4      | Reached XP level 6. HP: 42/56 MP: 6/6
  3047 | D:4      | Reached skill level 7 in Axes
  3051 | D:4      | XOM: divination: detect creatures
  3069 | D:4      | XOM: summons 3 hostile demons
  3276 | D:4      | XOM: potion effect (berserk rage)
  3279 | D:4      | Reached XP level 7. HP: 62/62 MP: 7/7
  3449 | D:4      | XOM: give mutations
  3449 | D:4      | Gained mutation: You passively map a small area around you. [Xom's grace]
  3449 | D:4      | Lost mutation: You are weak. (Str -2) [Xom's grace]
  3449 | D:4      | Gained mutation: You have a pair of small antennae on your head. [Xom's grace]
  3462 | D:4      | XOM: god gift: 8 javelins of penetration
  3494 | D:4      | Found a blossoming altar of Fedhas.
  3709 | D:5      | Entered Level 5 of the Dungeon
  3716 | D:5      | Reached skill level 8 in Axes
  3814 | D:4      | XOM: scenery: create altars
  4021 | D:4      | XOM: cleaving
  4036 | D:4      | Gained mutation: You are frail. (-10% HP) [mutagenic meat]
  4037 | D:4      | Lost mutation: Your body sometimes deteriorates upon taking damage. [mutagenic meat]
  4038 | D:4      | Lost mutation: You are frail. (-10% HP) [mutagenic meat]
  4039 | D:4      | Gained mutation: Your tail ends in a poisonous barb. [mutagenic meat]
  4040 | D:4      | Gained mutation: Your mind is acute. (Int +2) [mutagenic meat]
  4173 | D:5      | XOM: cast spell 'Statue Form'
  4327 | D:5      | XOM: 7-stop teleportation journey
  4331 | D:5      | Reached XP level 8. HP: 52/72 MP: 8/8
  4334 | D:5      | Reached skill level 9 in Axes
  4511 | D:5      | Noticed a hippogriff
  4522 | D:5      | Killed a hippogriff
  4666 | D:5      | XOM: smoke on damage
  4753 | D:5      | XOM: mild Ice miscast
  4872 | D:5      | XOM: swap monsters
  4875 | D:5      | XOM: 4-stop teleportation journey
  5048 | D:5      | XOM: cloud trail
  5203 | D:6      | Found a deep blue altar of Sif Muna.
  5339 | D:6      | XOM: cloud trail
  5449 | D:6      | XOM: cast spell 'Leda's Liquefaction'
  5642 | D:6      | Reached skill level 5 in Fighting
  5732 | D:6      | Found a staircase to the Ecumenical Temple.
  5801 | D:6      | Reached skill level 10 in Axes
  5803 | D:6      | XOM: confusion (+ monsters)
  5892 | D:6      | XOM: scenery: create altars
  6052 | D:6      | Noticed a two-headed ogre
  6057 | D:6      | Killed a two-headed ogre
  6057 | D:6      | Reached XP level 9. HP: 21/81 MP: 9/9
  6226 | D:6      | XOM: harmless Hex miscast
  6342 | D:6      | Identified the Papyrus of the Oath and the Escort
  6550 | D:6      | XOM: divination: magic mapping
  6725 | D:7      | XOM: confuse monster(s)
  6774 | D:7      | Reached skill level 5 in Armour
  6796 | D:7      | XOM: cast spell 'Summon Hydra'
  6902 | D:7      | Found a sacrificial altar of Ru.
  6964 | D:7      | XOM: 1-stop teleportation journey
  6972 | D:7      | XOM: cast spell 'Ring of Flames'
  7061 | D:7      | XOM: divination: detect items
  7076 | D:7      | XOM: divination: detect items
  7083 | D:7      | Gained mutation: You have a pair of antennae on your head. [mutagenic meat]
  7084 | D:7      | Gained mutation: You can exhale a cloud of poison. [mutagenic meat]
  7085 | D:7      | Lost mutation: You passively map a small area around you. [mutagenic meat]
  7086 | D:7      | Gained mutation: You have sharp fingernails. [mutagenic meat]
  7087 | D:7      | Gained mutation: You are resistant to hostile enchantments. (MR+) [mutagenic meat]
  7088 | D:7      | Gained mutation: You are somewhat resistant to further mutation. [mutagenic meat]
  7220 | D:7      | XOM: harmless Tloc miscast
  7221 | D:7      | XOM: harmless Summ miscast
  7221 | D:7      | Reached skill level 1 in Evocations
  7562 | D:7      | XOM: harmless Tmut miscast
  7602 | D:7      | XOM: mild Erth miscast
  7780 | D:7      | XOM: summons 3 hostile shadow creatures
  7991 | D:7      | XOM: god gift: 31 gold pieces
  8160 | D:7      | XOM: divination: detect items
  8166 | D:7      | Reached XP level 10. HP: 85/88 MP: 12/12
  8555 | D:7      | XOM: scenery: create altars
  8705 | D:7      | XOM: god gift: 2 exploding tomahawks
  8725 | D:7      | XOM: scenery: 1 doors close
  8767 | D:7      | XOM: harmless Ice miscast
  8866 | D:8      | Noticed a two-headed ogre
  8869 | D:8      | XOM: butterfly on damage
  8870 | D:7      | XOM: cast spell 'Dispersal'
  9345 | D:8      | XOM: noise
  9362 | D:8      | Noticed Joseph
  9464 | D:8      | XOM: swap monsters
  9470 | D:8      | Killed Joseph
  9470 | D:8      | Reached skill level 5 in Evocations
  9681 | D:8      | Found a staircase to the Lair.
  9878 | D:8      | Found Cuargh's Assorted Antiques.
  9883 | D:8      | Bought 2 scrolls of identify for 104 gold pieces
 10143 | D:8      | Noticed a two-headed ogre
 10149 | D:8      | Killed a two-headed ogre
 10507 | D:8      | XOM: give mutation
 10540 | D:8      | XOM: give mutations
 10540 | D:8      | Gained mutation: You are agile. (Dex +2) [Xom's grace]
 10540 | D:8      | Gained mutation: Your flesh is cold resistant. (rC+) [Xom's grace]
 10641 | D:8      | Bought a potion of agility for 104 gold pieces
 10641 | D:8      | Bought a potion of curing for 78 gold pieces
 10874 | D:9      | Identified the Catalogue of the Sinister Rocks
 10901 | D:9      | Reached skill level 11 in Axes
 10945 | D:9      | Found Ynipur's Distillery.
 10964 | D:9      | Bought a potion of heal wounds for 70 gold pieces
 10964 | D:9      | Bought a potion of lignification for 42 gold pieces
 10964 | D:9      | Bought a potion of might for 56 gold pieces
 11084 | D:9      | Noticed a two-headed ogre
 11086 | D:9      | XOM: cast spell 'Disjunction'
 11088 | D:9      | XOM: destruction
 11100 | D:9      | Killed a two-headed ogre
 11127 | D:9      | Noticed a two-headed ogre
 11127 | D:9      | XOM: scenery: 2 doors open, 2 doors close
 11134 | D:9      | Killed a two-headed ogre
 11134 | D:9      | Reached XP level 11. HP: 30/99 MP: 14/14
 11497 | D:9      | XOM: scenery: 1 doors open
 11651 | D:9      | XOM: 3-stop teleportation journey
 11866 | D:9      | XOM is BORED!
 11875 | D:9      | Found a staircase to the Orcish Mines.
 11924 | D:9      | Reached skill level 12 in Axes
 11933 | D:9      | XOM: give mutations
 11933 | D:9      | Lost mutation: You are agile. (Dex +2) [Xom's mischief]
 11933 | D:9      | Lost mutation: You are somewhat resistant to further mutation. [Xom's mischief]
 11933 | D:9      | Lost mutation: Your tail ends in a poisonous barb. [Xom's mischief]
 11933 | D:9      | Gained mutation: You are weak. (Str -2) [Xom's mischief]
 12025 | D:9      | XOM: mild Summ miscast
 12094 | D:9      | XOM: harmless Fire miscast
 12124 | D:9      | XOM: enchant monster (good)
 12164 | D:10     | Entered Level 10 of the Dungeon
 12217 | D:10     | Noticed Urug
 12231 | D:10     | Mangled by Urug

Vault maps used:
D:1:      matt_arrival_spirals
D:2:      hex_tiny, columned_hall_lemuel, kennysheep_generic_room_12
D:3:      zin_purify, lightli_temple_of_fire, hangedman_decor_riveting
D:4:      kennysheep_mini, first_bread
D:5:      kb_forest_paths, nicolae_overflow_hidden_temple
D:6:      old_standard_altar, minmay_temple_entry_statues_pillars,
          minmay_crystal_water
D:7:      nicolae_ru_great_annihilating_truth
D:8:      erik_lair_orcish_takeover, serial_shops, nicolae_shop_trees,
          nrook_loot_triangle, uniq_joseph
D:9:      orc_0_dummy, serial_shops, nicolae_shop_statue_plus, david_nohive_1,
          hangedman_decor_slide_cut
D:10:     uniq_urug

Skill      XL: |  1  2  3  4  5  6  7  8  9 10 11 |
---------------+----------------------------------+-----
Axes           | 4 5 6 7 8 10 11 12 | 12.1
Fighting       | 4 5 6 7 |  7.3
Armour         | 4 6 7 |  7.4
Evocations     | 3 5 |  5.2
Dodging        | |  0.7

Action                   |  1- 3 |  4- 6 |  7- 9 | 10-12 || total
-------------------------+-------+-------+-------+-------++-------
Melee: Hand axe          |    83 |       |       |       ||    83
       War axe           |       |   111 |   337 |   211 ||   659
       Tailslap          |       |       |    31 |    17 ||    48
 Abil: Spit Poison       |     1 |     4 |     5 |       ||    10
       Breathe Poison Ga |       |       |     4 |    17 ||    21
Evoke: Wand              |       |     5 |       |     2 ||     7
  Use: Scroll            |     1 |    10 |     5 |     7 ||    23
       Potion            |       |       |     3 |     1 ||     4
 Stab: Paralysed         |     3 |       |     1 |       ||     4
       Sleeping          |       |       |     2 |       ||     2
       Confused          |       |       |     1 |       ||     1
  Eat: Chunk             |     1 |     5 |    25 |     6 ||    37
       Fruit             |       |       |       |     7 ||     7
       Royal jelly       |       |       |       |     1 ||     1
       Bread ration      |       |       |       |     1 ||     1
Armor: Leather armour    |    23 |    47 |    70 |       ||   140
       Skin              |       |       |     4 |       ||     4
       Plate armour      |       |       |   127 |   205 ||   332
Dodge: Dodged            |    39 |    68 |   138 |    49 ||   294
